 Dungeon Crawl Stone Soup version 0.21-a0-504-g2eda330 (webtiles) character file.

42 slep the Poker (level 3, -7/29 HPs)
             Began as a Demonspawn Monk on Nov 26, 2017.
             Mangled by an orc warrior
             ... wielding a +0 long sword
              (18 damage)
             ... on level 2 of the Dungeon.
             The game lasted 00:04:03 (1228 turns).

slep the Poker (Demonspawn Monk)                    Turns: 1228, Time: 00:04:03

Health: -7/29      AC:  7    Str: 16    XL:     3   Next: 35%
Magic:  3/3        EV: 11    Int: 11    God:
Gold:   83         SH:  0    Dex: 16    Spells: 2/2 levels left

rFire    . . .     SeeInvis +   a - +0 spear
rCold    . . .     Gourm    .   (no shield)
rNeg     . . .     Faith    .   i - +0 scale mail
rPois    .         Spirit   .   d - +0 helmet
rElec    .         Reflect  .   (no cloak)
rCorr    .         Harm     .   (no gloves)
MR       .....                  (no boots)
Stlth    +.........             k - amulet of inaccuracy (curse)
HPRegen  0.09/turn              e - ring of see invisible
MPRegen  0.08/turn              j - +5 ring of strength

@: no status effects
A: claws 2
a: no special abilities


You were on level 2 of the Dungeon.
You were not hungry.

You visited 1 branch of the dungeon, and saw 2 of its levels.

You collected 83 gold pieces.

Inventory:

Hand Weapons
 a - a +0 spear (weapon)
Armour
 b - a +0 robe
 d - a +0 helmet (worn)
 i - a +0 scale mail (worn)
Jewellery
 e - a ring of see invisible (left claw)
 j - a +5 ring of strength (right claw)
 k - a cursed amulet of inaccuracy (around neck)
Scrolls
 f - 4 scrolls of remove curse {unknown}
 g - a scroll of enchant weapon {unknown}
 h - a scroll of identify {unknown}
 l - 2 scrolls of teleportation {unknown}
Comestibles
 c - 2 bread rations


   Skills:
 + Level 3.3 Fighting
 + Level 3.4 Polearms
 + Level 0.2 Armour
 + Level 3.0 Dodging
 + Level 1.8 Stealth


You had 2 spell levels left.
You didn't know any spells.

Dungeon Overview and Level Annotations

Branches:
Dungeon (2/15)

Altars:


Innate Abilities, Weirdness & Mutations

You have very sharp fingernails.


Message History

You barely miss the orc warrior.
The orc warrior is lightly wounded.
The orc warrior barely misses you.
You closely miss the orc warrior.
The orc warrior is lightly wounded.
The orc wizard mumbles some strange words.
The orc wizard blinks!
The orc warrior closely misses you.
You hit the orc warrior but do no damage.
The orc warrior is lightly wounded.
The orc warrior closely misses you.
You hit the orc warrior.
The orc warrior is lightly wounded.
You hit the orc warrior but do no damage.
The orc warrior is lightly wounded.
The orc warrior closely misses you.
You hit the orc warrior but do no damage.
The orc warrior is lightly wounded.
The orc warrior hits you with a long sword!!
Ouch! That really hurt!
You die...

.##.#..........#.........###....<
.................................
.##.######.###...................
####.######################
#........###.....#..<#.....
#............###.#.###.....
##........###.....#......###
#........#####.#####.##......
........oooo@..(.............
##........#####.########..####
#........# #.# #...... #.....o.o#
#.# #..###. .......o#
#.########..# #. #......o.#
#..........####. #........#
#########....... #.....>..#
#...#... #........#######
#...)...


You could see an orc warrior, 2 orc wizards and an orc.

Vanquished Creatures
  An adder (D:2)
  3 leopard geckos
  An orc (D:2)
  2 bats (D:1)
  A giant cockroach (D:1)
  3 hobgoblins
  4 jackals
  2 kobolds
  A frilled lizard (D:2)
  6 goblins
  A rat (D:1)
25 creatures vanquished.

Notes
Turn   | Place    | Note
-------+----------+-------------------------------------------
     0 | D:1      | slep the Demonspawn Monk began the quest for the Orb.
     0 | D:1      | Reached XP level 1. HP: 18/18 MP: 1/1
   182 | D:1      | Gained mutation: You have sharp fingernails. [demonic ancestry]
   182 | D:1      | Reached XP level 2. HP: 17/24 MP: 2/2
   372 | D:1      | HP: 1/24 [giant cockroach (2)]
   788 | D:2      | HP: 1/36 [poisoned by an adder]
   794 | D:2      | Gained mutation: You have very sharp fingernails. [demonic ancestry]
   794 | D:2      | Reached XP level 3. HP: 29/29 MP: 3/3
  1196 | D:2      | Noticed an orc warrior
  1228 | D:2      | Mangled by an orc warrior

Vault maps used:
D:1:      denvon_arrival_waterhouse, minmay_statues_item,
          corexii_leaking_fountain
D:2:      gammafunk_temple_overflow_pools

Skill      XL: |  1  2 |
---------------+-------+-----
Polearms       | 3 |  3.4
Dodging        | 3 |  3.0
Fighting       | |  3.3
Armour         | |  0.2
Stealth        | |  1.8

Action                   || total
-------------------------++-------
Melee: Spear             ||   129
  Use: Potion            ||     3
 Stab: Distracted        ||     1
  Eat: Chunk             ||     1
Armor: Robe              ||    16
       Scale mail        ||    26
       Skin              ||     9
Dodge: Dodged            ||    62

Table legend:
 A = Spawn XP
 B = Non-spawn XP
 C = Spawn XP percentage of total XP
 D = Spawn monster count
 E = Non-spawn monster count
 F = Spawn count percentage of total count
 G = Total turns spent on level
                    A         B        C        D         E        F      G
               +---------+---------+-------+---------+---------+-------+---------
         Total |       0 |      61 |   0.0 |       0 |      25 |   0.0 |  1228
               +---------+---------+-------+---------+---------+-------+---------
           D:1 |       0 |      29 |   0.0 |       0 |      15 |   0.0 |   699
           D:2 |       0 |      32 |   0.0 |       0 |      10 |   0.0 |   529
               +---------+---------+-------+---------+---------+-------+---------
